AoeStats
← Chlupinek

African Clearing

505306853Analyzed
4v4 RM · 22d ago on Sep 8, 2026· 30m 0s· 8 players
Game mode
Random Map
Map size
Large (8 player)
Population
200
Speed
Normal
Resources
Standard
Victory
Conquest
Starting age
Dark Age
Ending age
Imperial Age
RankedLock teamsTeams togetherTeam positionsShared explorationLock speedFull tech treeHidden civsTurbo modeCheats
Victory
Defeat
🇨🇿 Spanish · Czechia
1600
+14
🇫🇷 Turks · France
1576
+15
🇫🇷 Persians · France
1574
+15
🇨🇳 Maya · China
1548
+16
🇧🇷 Spanish · Brazil
1584
-17
🇧🇷 Hindustanis · Brazil
1556
-15
🇧🇷 Huns · Brazil
1531
-14
🇧🇷 Britons · Brazil
1524
-14
76nateK
7:42 Loom
11:27 Feudal Age
11:28 Man-at-Arms
12:07 Double-Bit Axe
13:15 Arson
14:56 Horse Collar
19:43 Wheelbarrow
21:51 Castle Age
Ketan67
8:51 Loom
11:11 Feudal Age
12:02 Double-Bit Axe
14:20 Forging
15:03 Horse Collar
16:47 Scale Barding Armor
22:36 Castle Age
21:09 Gold Mining
23:12 Bloodlines
23:42 Chain Barding Armor
24:01 Husbandry
24:40 Gold Shaft Mining
24:44 Light Cavalry
27:03 Wheelbarrow
Chlupinek
10:29 Loom
12:57 Feudal Age
17:14 Castle Age
20:40 Horse Collar
29:54 Double-Bit Axe
Bz_青红
8:56 Loom
11:44 Feudal Age
12:14 Double-Bit Axe
12:11 Horse Collar
12:22 Man-at-Arms
21:56 Castle Age
20:08 Fletching
24:55 Bow Saw
24:49 Heavy Plow
29:55 Wheelbarrow
SkOrPiO
13:04 Feudal Age
11:52 Loom
17:14 Castle Age
26:14 Fletching
GAX | Dattatreyaa
6:11 Loom
12:52 Feudal Age
13:24 Double-Bit Axe
18:14 Castle Age
17:22 Scale Barding Armor
18:19 Bloodlines
18:04 Gold Mining
22:35 Wheelbarrow
29:33 Horse Collar
SSX_Flexa
11:49 Loom
13:34 Feudal Age
29:01 Horse Collar
29:24 Double-Bit Axe
[LCDR] Alone
5:42 Loom
13:11 Feudal Age
18:06 Castle Age
16:16 Double-Bit Axe
18:24 Fletching
27:25 Padded Archer Armor
28:38 Bodkin Arrow
Connection lost

Rejoining the realm…

Still unreachable

The connection could not be restored.

Session expired

The server has moved on; the page needs a fresh start.